 Dungeon Crawl Stone Soup version 0.30-a0-219-gf2db51d15e (webtiles) character file.

Game seed: 5075712720944998219

205 Decritt the Trooper (level 5, -1/47 HPs)
             Began as a Ghoul Monk on Oct 7, 2022.
             Slain by a gnoll
             ... wielding a +1 flail of protection
              (11 damage)
             ... on level 4 of the Dungeon.
             The game lasted 00:07:20 (3511 turns).

Decritt the Trooper (Ghoul Monk)                    Turns: 3511, Time: 00:07:21

Health: -1/47      AC:  3    Str: 17    XL:     5   Next: 83%
Magic:  4/4        EV: 12    Int:  5    God:
Gold:   189        SH:  0    Dex: 11    Spells: 4/4 levels left

rFire   . . .      SeeInvis .      - Unarmed
rCold   + . .      Faith    .    (no shield)
rNeg    + + +      Spirit   .    a - +0 robe
rPois   ∞          Reflect  .    (no helmet)
rElec   .          Harm     .    (no cloak)
rCorr   .          Rampage  .    c - +0 pair of gloves
Will    .....                    (no boots)
Stlth   ++........               n - amulet of magic regeneration
HPRegen 0.00/turn                (no ring)
MPRegen 0.49/turn                (no ring)

@: inhibited regen
A: claws 1, cold resistance 1, negative energy resistance 3, inhibited
regeneration, torment resistance 2, devour on kill
a: no special abilities


You were on level 4 of the Dungeon.
You visited 1 branch of the dungeon, and saw 4 of its levels.

You collected 189 gold pieces.

Inventory:

Hand Weapons
 g - a +0 club
Armour
 a - a +0 robe (worn)
 c - a +0 pair of gloves (worn)
 e - a +0 chain mail
Jewellery
 n - an amulet of magic regeneration (around neck)
Scrolls
 k - 2 scrolls of immolation
Potions
 b - a potion of ambrosia
 d - a potion of might {unknown}
 f - 6 potions of curing
 h - a potion of flight
 i - 2 potions of heal wounds
 j - a potion of magic {unknown}
 l - a potion of brilliance {unknown}
 m - 2 potions of lignification {unknown}
 o - a potion of berserk rage {unknown}


   Skills:
 + Level 4.4 Fighting
 + Level 2.3 Armour
 + Level 3.6 Dodging
 + Level 3.9 Stealth
 - Level 3.2 Unarmed Combat


You had 4 spell levels left.
You didn't know any spells.
Your spell library contained the following spells:

 Spells                   Type           Power      Damage    Failure   Level
 Frozen Ramparts          Ice            0%         1d1       85%         3
 Summon Ice Beast         Ice/Summ       0%         N/A       99%         4
 Ice Form                 Ice/Tmut       Unusable   N/A       N/A         4

Dungeon Overview and Level Annotations

Branches:
Dungeon (4/15)
 Temple: D:4-7

Altars:
Sif Muna
Uskayaw
Xom
Yredelemnul


Innate Abilities, Weirdness & Mutations

You are immune to poison.
You have sharp fingernails.
Your flesh is cold resistant. (rC+)
You are immune to negative energy. (rN+++)
You do not regenerate when monsters are visible.
You are immune to unholy pain and torment.
You thrive by killing the living.


Message History

You kill the dart slug!
A gnoll comes into view.
It is wielding a +1 flail of protection.
The gnoll shouts!
The gnoll completely misses you.
A kobold comes into view. It is wielding a +0 club.
The orc barely misses you.
You punch the orc!
You kill the orc!
You feel better.
The goblin unwields a +0 club.
The goblin wields a +0 sling.
The goblin shoots a sling bullet.
The sling bullet barely misses you.
The gnoll hits you from afar with a +0 spear.
You closely miss the kobold. Your punch misses the kobold.
The gnoll hits you from afar with a +0 spear.
The kobold hits you with a +0 club.
You hit the kobold but do no damage.
The gnoll hits you from afar with a +0 spear.
A gnoll comes into view. It is wielding a +0 whip.
The kobold closely misses you.
You hit the kobold but do no damage.
The gnoll hits you from afar with a +0 spear!
A gnoll comes into view. It is wielding a +0 club.
The kobold closely misses you.
You hit the kobold.
You kill the kobold!
The gnoll hits you from afar with a +0 spear.
* * * LOW HITPOINT WARNING * * *
Items here: )) †††.
The gnoll attacks as you move away! The gnoll barely misses you.
The gnoll attacks as you move away! The gnoll barely misses you.
You closely miss the gnoll.
The gnoll hits you with a +1 flail of protection.
* * * LOW HITPOINT WARNING * * *
You hit the gnoll but do no damage. Your punch misses the gnoll.
The gnoll hits you with a +1 flail of protection.
* * * LOW HITPOINT WARNING * * *
The gnoll hits you from afar with a +0 spear.
* * * LOW HITPOINT WARNING * * *
The gnoll attacks as you move away!
The gnoll hits you with a +1 flail of protection!
You die...

#..# #..# #..#
#..# #..# . #..#
.. #..# ... #..#
.... #.@# .....
#.g########......
#..g.g.gg.)......
##.########o#..#.
#.# # #.# #.# #..
###


You could see 2 gnolls.

Vanquished Creatures
  2 orc priests (D:2)
  An orc wizard (D:2)
  2 adders (D:2)
  An ufetubus (D:2)
  A worm (D:2)
  4 dart slugs
  6 orcs
  6 ball pythons
  10 endoplasms
  3 giant cockroaches
  7 goblins
  4 hobgoblins
  5 jackals
  7 kobolds
  4 quokkas
  7 bats
  2 frilled lizards (D:3)
  4 rats
76 creatures vanquished.

Vanquished Creatures (others)
  4 plants (D:3)
4 creatures vanquished.

Grand Total: 80 creatures vanquished

Notes
Turn   | Place    | Note
-------+----------+-------------------------------------------
     0 | D:1      | Decritt the Ghoul Monk began the quest for the Orb.
     0 | D:1      | Reached XP level 1. HP: 19/19 MP: 0/0
   231 | D:1      | Reached XP level 2. HP: 25/26 MP: 1/1
   444 | D:1      | Reached skill level 1 in Armour
   454 | D:1      | Reached XP level 3. HP: 31/31 MP: 2/2
   958 | D:2      | Found a faded altar of an unknown god.
  1193 | D:2      | Reached XP level 4. HP: 36/40 MP: 3/3
  1985 | D:2      | Reached skill level 4 in Fighting
  2160 | D:2      | Reached XP level 5. HP: 19/46 MP: 4/4
  2265 | D:2      | Found a shimmering altar of Xom.
  2830 | D:3      | Found a basalt altar of Yredelemnul.
  2900 | D:3      | Found a hide-covered altar of Uskayaw.
  2976 | D:3      | Found a shimmering blue altar of Sif Muna.
  3511 | D:4      | Slain by a gnoll

Illustrated notes

Levels and vault maps discovered:
D:1:      dpeg_arrival_arbitrary_c, layout_basic, st_stairs_2
D:2:      layout_loops_corners, basic_altar, hellmonk_ecumenical_altar_blasted,
          due_unseen_surprise
D:3:      layout_rooms, mainiacjoe_overflow_boulevard,
          eat_drink_and_be_merry_uskayaw, lemuel_blue_sif_altar,
          marbit_many_paths, kennysheep_small_spiral, hangedman_decor_push,
          kennysheep_doodads
D:4:      layout_basic, mainiacjoe_overflow_six_doors_small,
          nicolae_overflow_two_pavilions, uniq_crazy_yiuf_cottage

Skill      XL: |  1  2  3  4 |
---------------+-------------+-----
Armour         | 1 2 |  2.3
Dodging        | 3 |  3.6
Stealth        | 3 |  3.9
Fighting       | 4 |  4.4
Unarmed Combat | |  3.2

Action                   |  1- 3 |  4- 6 || total
-------------------------+-------+-------++-------
Melee: Unarmed           |    95 |   168 ||   263
       Punch             |     1 |     2 ||     3
Throw: Boomerang         |    42 |       ||    42
       Dart              |    11 |       ||    11
  Use: Scroll            |       |     7 ||     7
       Potion            |       |     1 ||     1
 Stab: Sleeping          |     2 |     7 ||     9
       Distracted        |       |     1 ||     1
Armor: Robe              |    25 |    25 ||    50
Dodge: Dodged            |    62 |    98 ||   160

Table legend: (Time is in decaauts)
 A = Elapsed time spent in this place.
 B = Non-inter-level travel time spent in this place.
 C = Inter-level travel time spent in this place.
 D = Time resting spent in this place.
 E = Time spent auto-exploring this place.
 F = Levels seen in this place.
 G = Mean time per level.
                   A        B        C        D        E       F      G
               +--------+--------+--------+--------+--------+-----+--------+
         Total |   3505 |   3465 |     40 |    623 |   2050 |   4 |  876.2 |
       Dungeon |   3505 |   3465 |     40 |    623 |   2050 |   4 |  876.2 |
               +--------+--------+--------+--------+--------+-----+--------+

Top non-repeatable levels by time:
     D:2: 1367 daAuts
     D:3: 1109 daAuts
     D:1: 829 daAuts
     D:4: 199 daAuts
